 Dungeon Crawl Stone Soup version 0.30.1-3-gfc49f6343a (webtiles) character file.

Game seed: 13189117873238086363

13411 Zeor the Basher (level 11, -2/150 HPs)
             Began as an Armataur Berserker on Aug 4, 2023.
             Was a High Priest of Trog.
             Slain by a cyan ugly thing (17 damage)
             ... on level 14 of the Dungeon.
             The game lasted 00:37:02 (10528 turns).

Zeor the Basher (Armataur Berserker)               Turns: 10528, Time: 00:37:04

Health: -2/150     AC: 13    Str: 28    XL:     11   Next: 75%
Magic:  20/20      EV: 10    Int:  7    God:    Trog [*****.]
Gold:   422        SH:  5    Dex: 12    Spells: 10/10 levels left

rFire   + . .        a - +8 whip "Imp's Doom" {spect, Drain rC+ Dex+3}
rCold   + . .        (no shield)
rNeg    . . .        N - +2 scale mail {rF+}
rPois   .            H - +0 helmet
rElec   .            y - +0 cloak
rCorr   .            (no gloves)
SInv    +            (no barding)
Will    .....        C - amulet of reflection Stlth
                     j - ring of magical power
HPRegen 0.45/turn    v - ring of see invisible
MPRegen 0.17/turn

%: reflection, roll
@: berserking, very quick
A: large, rugged brown scales 3, deformed body, armoured tail, roll, long
tongue, awkward tongue
a: Renounce Religion, Berserk, Trog's Hand, Brothers in Arms


You were on level 14 of the Dungeon.
You worshipped Trog.
Trog was extremely pleased with you.
You visited 1 branch of the dungeon, and saw 12 of its levels.
You also visited: Ossuary.

You collected 950 gold pieces.
You spent 528 gold pieces at shops.

Inventory:

Hand Weapons
 a - the +8 whip "Imp's Doom" (weapon) {spect, Drain rC+ Dex+3}
   (You found it on level 2 of the Dungeon)

   Dex:       It affects your dexterity (+3).
   rC:        It protects you from cold.
   Drain:     It drains your maximum health when unequipped.
 d - a +1 mace of freezing
 g - the +1 falchion of Fuotauczy {speed, Fly Will- rCorr}
   (You bought it in a shop on level 3 of the Dungeon)

   Fly:       It grants you flight.
   rCorr:     It protects you from acid and corrosion.
   Will:      It decreases your willpower.
 p - a +2 whip of venom
 w - the +7 rapier of Yxori {venom, Str+5}
   (You found it on level 6 of the Dungeon)

   Str:       It affects your strength (+5).
 F - a +0 antimagic flail
Missiles
 u - 2 throwing nets (quivered)
Armour
 y - a +0 cloak (worn)
 G - the +1 leather armour of Mirth {rElec rC+}
   (You found it on level 9 of the Dungeon)

   rC:        It protects you from cold.
   rElec:     It insulates you from electricity.
 H - a +0 helmet (worn)
 N - a +2 scale mail of fire resistance (worn)
Jewellery
 f - a ring of ice
 i - an amulet of guardian spirit
 j - a ring of magical power (left hand)
 v - a ring of see invisible (right hand)
 C - an amulet of reflection (around neck)
 D - a ring of fire
 E - a ring of fire
 M - a ring of resist corrosion
Wands
 n - a wand of polymorph (8)
 r - a wand of digging (6)
 J - a wand of roots (3)
 L - a wand of paralysis (5)
Scrolls
 b - 2 scrolls of brand weapon
 c - 6 scrolls of teleportation
 s - 2 scrolls of fog
 A - 2 scrolls of poison
 K - a scroll of magic mapping
Potions
 e - 8 potions of curing
 h - 5 potions of heal wounds
 k - 2 potions of might
 l - a potion of ambrosia
 m - 4 potions of haste
 o - 3 potions of resistance
 q - 5 potions of flight
 t - 3 potions of cancellation
 z - 2 potions of lignification
 B - a potion of magic
 I - a potion of berserk rage {unknown}


   Skills:
 + Level 7.9 Fighting
 * Level 13.3 Maces & Flails
 + Level 9.1 Armour
 + Level 4.7 Dodging
 - Level 1.0 Stealth
 + Level 3.0 Shields


You had 10 spell levels left.
You didn't know any spells.
Your spell library was empty.

Dungeon Overview and Level Annotations

Branches:
Dungeon (11/15)            Temple (0/1) D:7            Lair (0/5) D:11
    Orc (0/2) D:10        Ossuary (visited)

Altars:
Ashenzari
Cheibriados
Dithmenos
Elyvilon
Fedhas
Gozag
Hepliaklqana
Makhleb
Okawaru
Qazlal
Sif Muna
Uskayaw
Wu Jian
Yredelemnul
Zin
The Shining One

Shops:
D:3 (   D:14 !

Annotations:
D:7 exclusion: oklob plant


Innate Abilities, Weirdness & Mutations

You are completely covered in rugged brown scales. (AC +3, +7% HP)
Armour fits poorly on your strangely shaped body.
You have a long armoured tail.
You roll when moving toward enemies. (Rampage)
Your long tongue fully drains potion bottles. (2x potion effects)
Your tongue gives you trouble enunciating. (1.5x scroll delay)


Message History

Your +8 whip "Imp's Doom" {spect, Drain rC+ Dex+3} hits the cyan ugly thing.
The cyan ugly thing kicks you! The cyan ugly thing shocks you!
A red film seems to cover your vision as you go berserk!
You feel yourself moving faster!
You feel mighty!
Your +8 whip "Imp's Doom" {spect, Drain rC+ Dex+3} disappears.
The green ugly thing completely misses you.
You feel a strong urge to attack something.
The green ugly thing engulfs you but does no damage.
The cyan ugly thing punches you! The cyan ugly thing shocks you!
Things that are here:
an ugly thing corpse; an ugly thing corpse You barely miss the green ugly thing.
Your +8 whip "Imp's Doom" {spect, Drain rC+ Dex+3} closely misses the green ugly thing.
The cyan ugly thing kicks you! The cyan ugly thing shocks you!
You hit the green ugly thing.
The green ugly thing is lightly wounded.
Your +8 whip "Imp's Doom" {spect, Drain rC+ Dex+3} hits the green ugly thing!
You hit the green ugly thing.
The green ugly thing is moderately wounded.
Your +8 whip "Imp's Doom" {spect, Drain rC+ Dex+3} hits the green ugly thing!
The green ugly thing barely misses you. The cyan ugly thing punches you!
* * * LOW HITPOINT WARNING * * *
The cyan ugly thing shocks you!
* * * LOW HITPOINT WARNING * * *
You barely miss the green ugly thing. You tail-slap the green ugly thing!
The green ugly thing is severely wounded.
Your +8 whip "Imp's Doom" {spect, Drain rC+ Dex+3} barely misses the green ugly thing.
The cyan ugly thing completely misses you.
You thrash the green ugly thing!!
You kill the green ugly thing!
Trog accepts your kill.
Your +8 whip "Imp's Doom" {spect, Drain rC+ Dex+3} disappears.
Your Shields skill increases to level 3!
You whack the cyan ugly thing!
You kill the cyan ugly thing!
Trog accepts your kill. The cyan ugly thing punches you!
* * * LOW HITPOINT WARNING * * *
The cyan ugly thing shocks you!
You die...

∙∙∙∙∙∙u∙∙∙▒ ▒▒▒▒▒▒∙∙▒
▒∙∙∙∙▒∙∙▒ ■[∙∙∙▒∙∙▒
▒∙∙∙∙▒∙∙▒ ▒∙∙∙∙▒∙∙▒
▒∙∙∙∙'∙∙▒ ▒▒▒▒▒▒∙u▒▒▒
∙∙∙∙∙∙∙∙∙H∙▒▒▒
∙∙∙>∙∙∙∙∙∙†∙∙▒
∙∙∙∙∙∙∙∙∙∙∙∙∙▒▒▒▒▒▒▒∙∙∙
∙∙∙∙∙∙∙∙∙∙∙∙∙∙∙∩∙∙∙∙∙▒
∙∙∙∙∙∙∙∙∙∙∙∙∙∙∙∙∙∙∙∙∙▒
∙∙∙∙∙∙∙∙∙∙∙∙∙∙∙∙∙∙∙∙∙▒
∙∙∙∙∙∙∙∙∙∙∙∙∙∙∙∙∙∙∙∙∙▒
▒▒▒▒∙∙∙∙∙∙∙∙∙∙∙∙∙∙∙∙▒
▒▒▒∙∙▒▒▒▒▒▒▒▒▒▒▒∙▒


You could see a cyan ugly thing.

Vanquished Creatures
  Fannar (D:11)
  3 two-headed ogres
  Pikel (D:6)
  A cyclops (D:11)
  4 ugly things (D:14)
  4 trolls
  2 hornets
  Grinder (D:4)
  3 shadows
  2 wraiths
  6 yaks (D:11)
  3 steam dragons
  4 water moccasins
  Duvessa (D:7)
  4 orc warriors
  An ice beast (D:6)
  A sky beast (D:8)
  An ogre (D:6)
  2 black bears (D:11)
  4 centaurs
  A phantom (D:10)
  2 lemures (D:6)
  2 elf zombies (Ossuary)
  A kobold brigand (D:9)
  5 bullfrogs
  6 scorpions
  14 wights
  Dowan (D:7)
  3 troll zombies (D:10)
  9 killer bees
  5 electric eels
  A howler monkey (D:5)
  A human zombie (Ossuary)
  7 hounds
  2 centaur zombies (Ossuary)
  7 jellies
  Crazy Yiuf (D:7)
  7 orc priests
  3 iguanas
  12 orc wizards
  3 ogre zombies (D:10)
  2 mummies (Ossuary)
  8 adders
  A shadow imp (D:6)
  2 adder zombies (Ossuary)
  A worm (D:4)
  3 dart slugs
  40 orcs
  6 ball pythons
  A bat (D:2)
  15 endoplasms
  8 goblins
  6 hobgoblins
  7 jackals
  A quokka (D:4)
  2 frilled lizards
  A goblin skeleton (D:10)
  7 goblin zombies
  3 hobgoblin skeletons (D:10)
  12 hobgoblin zombies
  2 jackal zombies (Ossuary)
  3 kobolds
  9 kobold zombies (Ossuary)
  An orc skeleton (D:10)
  14 orc zombies
  4 rats
301 creatures vanquished.

Vanquished Creatures (others)
  A kobold (D:9)
  A spectral weapon (D:7)
2 creatures vanquished.

Grand Total: 303 creatures vanquished

Notes
Turn   | Place    | Note
-------+----------+-------------------------------------------
     0 | D:1      | Zeor the Armataur Berserker began the quest for the Orb.
     0 | D:1      | Reached XP level 1. HP: 19/19 MP: 1/1
   193 | D:1      | Found a faded altar of an unknown god.
   285 | D:1      | Reached skill level 3 in Maces & Flails
   285 | D:1      | Reached XP level 2. HP: 26/26 MP: 2/2
   614 | D:2      | Identified the +8 whip "Imp's Doom" {spect, Drain rC+
                  | Dex+3}
   757 | D:2      | Reached XP level 3. HP: 31/33 MP: 3/3
  1224 | D:3      | Found a hide-covered altar of Uskayaw.
  1258 | D:3      | Found an ornate altar of the Wu Jian Council.
  1569 | D:3      | Reached XP level 4. HP: 40/40 MP: 4/4
  1762 | D:3      | Found Quhewk's Antique Weapon Boutique.
  2039 | D:4      | Reached skill level 4 in Maces & Flails
  2139 | D:4      | Reached ** piety under Trog
  2142 | D:4      | Noticed a scorpion
  2147 | D:4      | Killed a scorpion
  2148 | D:4      | Reached XP level 5. HP: 44/48 MP: 5/5
  2290 | D:4      | Found a glowing silver altar of Zin.
  2347 | D:4      | Noticed Grinder
  2355 | D:4      | Paralysed by Grinder for 2 turns
  2360 | D:4      | Killed Grinder
  2361 | D:4      | Reached skill level 5 in Maces & Flails
  2361 | D:4      | Reached XP level 6. HP: 55/55 MP: 6/6
  2411 | D:4      | Reached skill level 1 in Stealth
  2647 | D:4      | Found an opulent altar of Gozag.
  2707 | D:5      | Entered Level 5 of the Dungeon
  2708 | D:5      | Noticed a water moccasin
  2713 | D:5      | Killed a water moccasin
  2714 | D:5      | Reached XP level 7. HP: 63/63 MP: 7/7
  2721 | D:5      | Reached skill level 6 in Maces & Flails
  2883 | D:5      | Found a glowing golden altar of the Shining One.
  3325 | D:6      | Reached skill level 7 in Maces & Flails
  3326 | D:6      | Noticed Pikel
  3335 | D:6      | Reached XP level 8. HP: 69/71 MP: 8/8
  3356 | D:6      | Killed Pikel
  3357 | D:6      | Reached skill level 8 in Maces & Flails
  3361 | D:6      | Reached *** piety under Trog
  3435 | D:6      | Found a sand-covered staircase.
  3443 | Ossuary  | Entered an ossuary
  3605 | Ossuary  | Reached skill level 9 in Maces & Flails
  3609 | Ossuary  | Reached skill level 5 in Fighting
  3649 | Ossuary  | Reached XP level 9. HP: 73/79 MP: 9/9
  3810 | Ossuary  | Reached **** piety under Trog
  3878 | D:6      | Found a broken altar of Ashenzari.
  3916 | D:6      | Reached skill level 5 in Armour
  4057 | D:6      | Identified the +7 rapier of Yxori {venom, Str+5}
  4336 | D:6      | Reached skill level 10 in Maces & Flails
  4713 | D:7      | Found a white marble altar of Elyvilon.
  5157 | D:3      | Bought an ancient falchion for 232 gold pieces
  5157 | D:3      | Identified the +1 falchion of Fuotauczy {speed, Fly Will-
                  | rCorr} (You bought it in a shop on level 3 of the Dungeon)
  5442 | D:7      | Found a blossoming altar of Fedhas.
  5442 | D:7      | Found a hazy altar of Hepliaklqana.
  5499 | D:7      | Found a runed translucent door.
  5500 | D:7      | Noticed Crazy Yiuf
  5525 | D:7      | Noticed Duvessa
  5525 | D:7      | Noticed Dowan
  5531 | D:7      | Killed Duvessa
  5534 | D:7      | Killed Dowan
  5602 | D:7      | Noticed an oklob plant
  5615 | D:7      | Reached skill level 11 in Maces & Flails
  5638 | D:7      | Reached ***** piety under Trog
  5834 | D:7      | Found a staircase to the Ecumenical Temple.
  5973 | D:7      | Found a shimmering blue altar of Sif Muna.
  6052 | D:7      | Killed Crazy Yiuf
  6170 | D:8      | Reached XP level 10. HP: 79/88 MP: 10/10
  6404 | D:8      | Found a basalt altar of Yredelemnul.
  6904 | D:8      | Found a burning altar of Makhleb.
  7300 | D:9      | Found a shadowy altar of Dithmenos.
  7546 | D:9      | Found a stormy altar of Qazlal.
  7554 | D:9      | Reached skill level 12 in Maces & Flails
  7794 | D:3      | Bought a runed flail for 188 gold pieces
  7952 | D:9      | Identified the +1 leather armour of Mirth {rElec rC+}
  8294 | D:10     | Entered Level 10 of the Dungeon
  8330 | D:10     | Found a staircase to the Orcish Mines.
  9115 | D:10     | Found an iron altar of Okawaru.
  9510 | D:10     | Noticed a two-headed ogre
  9510 | D:10     | Found a snail-covered altar of Cheibriados.
  9517 | D:10     | Killed a two-headed ogre
  9518 | D:10     | Reached skill level 1 in Shields
  9518 | D:10     | Reached XP level 11. HP: 87/97 MP: 11/11
  9697 | D:11     | Noticed a two-headed ogre
  9709 | D:11     | Killed a two-headed ogre
  9712 | D:11     | Received a gift from Trog
  9898 | D:11     | Noticed a two-headed ogre
  9907 | D:11     | Killed a two-headed ogre
  9908 | D:11     | Reached skill level 13 in Maces & Flails
 10235 | D:11     | Found a staircase to the Lair.
 10316 | D:11     | Noticed Fannar
 10329 | D:11     | Killed Fannar
 10443 | D:11     | You fall into a shaft and drop 3 floors!
 10446 | D:14     | Found Omosecke's Distillery.
 10458 | D:14     | Bought a potion of heal wounds for 60 gold pieces
 10458 | D:14     | Bought a potion of might for 48 gold pieces
 10491 | D:14     | Noticed a green ugly thing
 10492 | D:14     | Noticed a green ugly thing
 10492 | D:14     | Noticed a green ugly thing
 10492 | D:14     | Noticed a green ugly thing
 10508 | D:14     | Killed a green ugly thing
 10514 | D:14     | Killed a green ugly thing
 10515 | D:14     | Noticed a green ugly thing
 10527 | D:14     | Killed a green ugly thing
 10528 | D:14     | Killed a cyan ugly thing
 10528 | D:14     | Slain by a cyan ugly thing

Illustrated notes

Levels and vault maps discovered:
D:1:      scummos_arrival_gate, layout_basic,
          dreamdust_ecumenical_altar_angels_and_demons, corexii_corridor_pit
D:2:      layout_rooms
D:3:      layout_basic, nicolae_overflow_squiral, serial_shops,
          nicolae_shop_back_alley_shop, serial_co_window_serial,
          co_window_paths_a, co_window_of_opportunity_a, co_window_paths_a,
          co_window_paths_b, co_window_paths_b, co_window_corner_b,
          co_window_unsneaky_path_e, co_window_unsneaky_path_d,
          co_window_unsneaky_path_c, co_window_of_opportunity_b,
          co_window_broadway_a, glass_columns_b, glass_columns_b,
          glass_columns_a, glass_columns_a, glass_columns_a
D:4:      layout_rooms, pdpol_temple_overflow_zin_treasury_gozag_greed,
          minmay_fractal_squares_gapless_5, uniq_grinder
D:5:      layout_rooms, lemuel_tele_altar
D:6:      cheibrodos_helix_gallery, layout_loops_corners,
          nicolae_ashenzari_skybound, nicolae_ossuary_entry_plus, uniq_pikel
D:7:      lemuel_slime, layout_basic,
          chequers_temple_overflow_statue_of_worship,
          nicolae_elyvilon_temple_path, led_sif_pool,
          minmay_temple_entry_poolview, grunt_decor_one_mirror,
          uniq_crazy_yiuf_cottage, uniq_duvessa
D:8:      layout_basic, lemuel_doored_altar,
          mainiacjoe_overflow_surrounded_room, serial_bayou_lagoon_b
D:9:      layout_cave_pools, mainiacjoe_overflow_boulevard,
          grunt_dithmenos_smoke_and_mirrors
D:10:     layout_small_grid, okawaru_ov_weapons_minmay, cheibriados_altar_1,
          zombieorc1_lemuel, minmay_orc_keep
D:11:     layout_irregular_city, due_lair_maze_entry_diamond,
          grunt_ministairs_9, uniq_fannar
D:14:     layout_irregular_city, kennysheep_path_1, serial_shops, shop

Skill      XL: |  1  2  3  4  5  6  7  8  9 10 11 |
---------------+----------------------------------+-----
Maces & Flails | 3 4 5 7 9 11 12 13 | 13.3
Fighting       | 3 4 5 6 7 |  7.9
Armour         | 3 4 5 7 9 |  9.1
Dodging        | 2 3 4 |  4.7
Stealth        | 1 |  1.0
Shields        | 1 3 |  3.0

Action                     |  1- 3 |  4- 6 |  7- 9 | 10-12 || total
---------------------------+-------+-------+-------+-------++-------
  Melee: Mace              |    19 |       |       |       ||    19
         Tailslap          |     6 |     4 |    37 |    48 ||    95
         Whip              |    33 |    34 |   300 |   304 ||   671
         Punch             |     1 |       |     1 |     2 ||     4
 Invoke: Berserk           |       |     2 |     1 |     4 ||     7
         Trog's Hand       |       |     1 |       |     1 ||     2
    Use: Scroll            |     9 |     7 |     6 |     3 ||    25
   Stab: Distracted        |       |       |     3 |     4 ||     7
 Armour: Animal skin       |     4 |       |       |       ||     4
         Leather armour    |     7 |     5 |    25 |       ||    37
         Ring mail         |       |       |    14 |    48 ||    62
         Scale mail        |       |       |       |     3 ||     3
  Dodge: Dodged            |    10 |     5 |    71 |    62 ||   148
  Block: Other             |       |       |       |    32 ||    32
         Reflection        |       |       |       |     3 ||     3
